 Dungeon Crawl Stone Soup version 0.28.0-45-g0d030f2227 (webtiles) character file.

Game seed: 3229626790771470814

543 pkoi the Gusty (level 6, -8/49 HPs)
             Began as a Demigod Air Elementalist on Apr 23, 2022.
             Killed by an exploding iguana (28 damage)
             ... ignited by their inner flame
             ... on level 5 of the Dungeon.
             The game lasted 00:05:50 (6237 turns).

pkoi the Gusty (Demigod Air Elementalist)           Turns: 6237, Time: 00:05:51

Health: -8/49      AC:  8    Str: 12    XL:     6   Next: 77%
Magic:  9/13       EV: 12    Int: 25    God:
Gold:   311        SH:  0    Dex: 14    Spells: 1/11 levels left

rFire   . . .      SeeInvis .   e - staff of air
rCold   . . .      Faith    .   (no shield)
rNeg    . . .      Spirit   .   a - +0 robe
rPois   .          Reflect  .   l - +0 helmet
rElec   +          Harm     .   i - +0 cloak
rCorr   .          Rampage  .   r - +1 pair of gloves
Will    .....                   k - +1 pair of boots of the Constellations {Str+3}
Stlth   ++........              (no amulet)
HPRegen 0.16/turn               (no ring)
MPRegen 0.13/turn               (no ring)

@: no status effects
A: high MP 1, forlorn, divine attributes
a: no special abilities


You were on level 5 of the Dungeon.
You visited 1 branch of the dungeon, and saw 5 of its levels.

You collected 311 gold pieces.

Inventory:

Hand Weapons
 d - a +1 dagger
 s - the +9 short sword of Yrelilis {freeze, rC+ Str+4}
   (You found it on level 4 of the Dungeon)

   It freezes those it strikes, dealing additional cold damage.
   It can also slow down cold-blooded creatures.
   Str:       It affects your strength (+4).
   rC:        It protects you from cold.
Missiles
 b - 9 atropa-tipped darts
 n - a throwing net
 o - 2 poisoned darts
Armour
 a - a +0 robe (worn)
 i - a +0 cloak (worn)
 k - the +1 pair of boots of the Constellations (worn) {Str+3}
   (You found it on level 4 of the Dungeon)

   Str:       It affects your strength (+3).
 l - a +0 helmet (worn)
 r - a +1 pair of gloves (worn)
Magical Staves
 e - a staff of air (weapon)
Wands
 h - a wand of iceblast (12)
Scrolls
 c - a scroll of teleportation
 f - a scroll of enchant weapon
 w - a scroll of identify
Potions
 g - 2 potions of curing {unknown}
 j - a potion of flight {unknown}
 m - 3 potions of lignification {unknown}
 t - a potion of attraction
 v - a potion of mutation {unknown}


   Skills:
 - Level 2.3 Fighting
 - Level 1.7 Dodging
 - Level 1.7 Stealth
 - Level 3.0 Spellcasting
 - Level 1.0 Conjurations
 * Level 5.6 Air Magic
 - Level 2.3 Evocations


You had one spell level left.
You knew the following spells:

 Your Spells              Type           Power      Damage    Failure   Level
a - Shock                 Conj/Air       100%       1d9       2%          1
b - Static Discharge      Conj/Air       30%        N/A       3%          2
c - Swiftness             Air            48%        N/A       3%          3
d - Airstrike             Air            24%        N/A       10%         4

Your spell library contained the following spells:

 Spells                   Type           Power      Damage    Failure   Level
 Animate Skeleton         Necr           6%         N/A       10%         1
 Pain                     Necr           12%        1d4       10%         1
 Vampiric Draining        Necr           3%         2d6       30%         3


Dungeon Overview and Level Annotations

Branches:
Dungeon (5/15)
 Temple: D:4-7


Innate Abilities, Weirdness & Mutations

You have an increased reservoir of magic. (+10% MP)
You shall have no god before yourself.
Your divine heritage dramatically boosts your attributes as you level up.


Message History

The ufetubus is almost dead.
The ufetubus shouts!
You feel a surge of power!
The zap misses the ufetubus.
The ufetubus hits you. The ufetubus barely misses you.
You feel a surge of power!
The zap misses the ufetubus.
The ufetubus misses you. The ufetubus closely misses you.
You feel a surge of power!
The zap hits the ufetubus.
You kill the ufetubus!
As you read the scroll labelled WIMULUUZIH, it crumbles to dust.
Wisps of shadow whirl around you...
It was a scroll of summoning.
As you read the scroll labelled NUOVVU KEMYNN, it crumbles to dust.
You feel aware of your surroundings.
You sensed 1 shop/portal.
It was a scroll of magic mapping.
Your magical contamination has completely faded away.
As you read the scroll labelled KEIWOR IMACH, it crumbles to dust.
The creatures around you are filled with an inner flame!
It was a scroll of immolation.
As you read the scroll labelled WUUPSI JIZU, it crumbles to dust.
It is a scroll of identify.
t - a potion of attraction
As you read the scroll labelled XEW QYSOEQ, it crumbles to dust.
Your body is wracked with pain!
* * * LOW HITPOINT WARNING * * *
Your iguana convulses!
Flame seeps out of your iguana.
Your orc convulses!
Flame seeps out of your orc.
It was a scroll of torment.
Your orc is engulfed in blazing flames.
Your orc's corpse dissolves into shadows!
Your orc explodes!
The fiery explosion engulfs your centaur skeleton!!
Your centaur skeleton dissolves into shadows!
The fiery explosion engulfs your iguana!!
Your iguana's corpse dissolves into shadows!
The fiery explosion engulfs you.
* * * LOW HITPOINT WARNING * * *
Your iguana explodes!
The fiery explosion engulfs you!!
Ouch! That really hurt!
You die...

### ########.#
#############.......##
#...§○@.......#####.#
*#...§○######### #.#
#....§.* ### #.#
*#......* #.### #.#
*...>...* ##...####.#
*#.....#* #......##.#
##....* ##.......#.#
#.###* #..........#
*** #..........#


There were no monsters in sight!

Vanquished Creatures
  A phantom (D:4)
  A scorpion (D:4)
  A water moccasin zombie (D:5)
  Crazy Yiuf (D:4)
  4 iguanas
  An orc wizard (D:5)
  A scorpion zombie (D:5)
  Ijyb (D:3)
  3 adders
  3 gnolls (D:3)
  An ufetubus (D:5)
  An adder skeleton (D:4)
  3 worms
  2 dart slugs
  2 orcs (D:5)
  6 ball pythons
  6 bats
  6 endoplasms
  3 giant cockroaches
  6 hobgoblins
  3 kobolds (D:1)
  6 quokkas
  2 frilled lizards
  7 goblins
  6 rats
77 creatures vanquished.

Notes
Turn   | Place    | Note
-------+----------+-------------------------------------------
     0 | D:1      | pkoi the Demigod Air Elementalist began the quest for the
                  | Orb.
     0 | D:1      | Reached XP level 1. HP: 14/14 MP: 5/5
    65 | D:1      | Reached skill level 3 in Air Magic
   447 | D:1      | Reached XP level 2. HP: 19/20 MP: 0/7
  1003 | D:1      | Learned a level 2 spell: Static Discharge
  1356 | D:2      | Reached XP level 3. HP: 26/26 MP: 4/8
  1640 | D:2      | Reached skill level 1 in Conjurations
  1975 | D:2      | Reached skill level 4 in Air Magic
  1975 | D:2      | Reached XP level 4. HP: 34/34 MP: 0/10
  2632 | D:3      | Noticed Ijyb
  2634 | D:3      | Paralysed by Ijyb for 7 turns
  2652 | D:3      | Killed Ijyb
  2653 | D:3      | Reached skill level 1 in Fighting
  2653 | D:3      | Reached skill level 1 in Evocations
  3640 | D:4      | Identified the +1 pair of boots of the Constellations
                  | {Str+3}
  3789 | D:4      | Found a runed translucent door.
  3790 | D:4      | Noticed Crazy Yiuf
  3864 | D:4      | Noticed a phantom
  3872 | D:4      | Killed a phantom
  3873 | D:4      | Reached XP level 5. HP: 38/40 MP: 5/11
  3984 | D:4      | Learned a level 3 spell: Swiftness
  4562 | D:4      | Killed Crazy Yiuf
  4563 | D:4      | Reached skill level 5 in Air Magic
  4563 | D:4      | Reached XP level 6. HP: 7/48 MP: 2/13
  4949 | D:4      | Identified the +9 short sword of Yrelilis {freeze, rC+
                  | Str+4}
  4956 | D:5      | Entered Level 5 of the Dungeon
  5769 | D:5      | Learned a level 4 spell: Airstrike
  6237 | D:5      | Killed by an exploding iguana... ignited by their inner
                  | flame

Illustrated notes

Levels and vault maps discovered:
D:1:      shiori_shiawase, layout_loops_cross
D:2:      layout_rooms, hangedman_feature_mirror, minivault_24,
          corexii_hall_statues_l
D:3:      layout_basic, mainiacjoe_overflow_24_doors, minitemple,
          shapermc_ecumenical_altar_mp_urbaneastern, uniq_ijyb
D:4:      layout_cave_pools, jmf_multi_god_temple, uniq_crazy_yiuf_cottage
D:5:      layout_cave_pods, serial_shops, nicolae_lakefront_shop,
          minmay_misc_feat_doors, minmay_misc_feat_chi, skrybe_limestone_x,
          minmay_crystal_room

Skill      XL: |  1  2  3  4  5  6 |
---------------+-------------------+-----
Air Magic      | 3 4 5 |  5.6
Spellcasting   | 2 3 |  3.0
Conjurations   | 1 |  1.0
Fighting       | 1 2 |  2.3
Evocations     | 1 2 |  2.3
Dodging        | |  1.7
Stealth        | |  1.7

Action                   |  1- 3 |  4- 6 || total
-------------------------+-------+-------++-------
Melee: Short sword       |       |    12 ||    12
       Punch             |       |     1 ||     1
 Cast: Shock             |    92 |   115 ||   207
       Static Discharge  |       |     5 ||     5
  Use: Scroll            |       |     8 ||     8
Armor: Robe              |     1 |     9 ||    10
Dodge: Dodged            |     3 |    21 ||    24
